 Dungeon Crawl Stone Soup version 0.30-a0-263-ge22c4ad894 (webtiles) character file.

Game seed: 3161182778247780498

28 jlumianski the Ducker (level 2, -3/22 HPs)
             Began as a Demonspawn Gladiator on Oct 13, 2022.
             Slain by Sigmund
             ... wielding a +0 scythe
              (7 damage)
             ... on level 2 of the Dungeon.
             The game lasted 00:04:05 (975 turns).

jlumianski the Ducker (Demonspawn Gladiator)         Turns: 975, Time: 00:04:06

Health: -3/22      AC:  7    Str: 14    XL:     2   Next: 96%
Magic:  2/2        EV: 11    Int:  9    God:
Gold:   38         SH:  0    Dex: 14    Spells: 1/1 levels left

rFire   . . .      SeeInvis .    a - +0 war axe
rCold   . . .      Faith    .    (no shield)
rNeg    . . .      Spirit   .    g - +0 ring mail
rPois   .          Reflect  .    c - +1 helmet
rElec   .          Harm     .    (no cloak)
rCorr   .          Rampage  .    (no gloves)
Will    .....                    (no boots)
Stlth   +.........               (no amulet)
HPRegen 0.23/turn                (no ring)
MPRegen 0.08/turn                (no ring)

@: no status effects
A: condensation shield
a: no special abilities


You were on level 2 of the Dungeon.
You visited 1 branch of the dungeon, and saw 3 of its levels.

You collected 38 gold pieces.

Inventory:

Hand Weapons
 a - a +0 war axe (weapon)
Missiles
 d - 3 throwing nets (quivered)
 e - a javelin
 l - 2 boomerangs
Armour
 b - a +0 leather armour
 c - a +1 helmet (worn)
 g - a +0 ring mail (worn)
Scrolls
 m - a scroll of vulnerability
Potions
 h - a potion of might
 j - a potion of magic


   Skills:
 + Level 2.2 Fighting
 + Level 3.0 Axes
 + Level 1.8 Throwing
 + Level 0.1 Armour
 + Level 3.2 Dodging
 + Level 0.3 Shields


You had one spell level left.
You didn't know any spells.
Your spell library contained the following spells:

 Spells                   Type           Power      Damage    Failure   Level
 Sandblast                Erth           0%         2d4       63%         1
 Passwall                 Tmut/Erth      0%         N/A       77%         2
 Stone Arrow              Conj/Erth      0%         3d7       94%         3


Dungeon Overview and Level Annotations

Branches:
Dungeon (3/15)

Altars:

Annotations:
D:2 Sigmund


Innate Abilities, Weirdness & Mutations

A meltable shield of frost defends you. (SH +0)


Message History

You feel forgetful for a moment.
(D) Dungeon
Where to? (? - help)
What level of the Dungeon? (default 1, ? - help)
There is a stone staircase leading down here.
You climb downwards.
Level annotation: Sigmund
There is a stone staircase leading up here.
Sigmund is nearby!
You feel your willpower return.
Sigmund laughs darkly.
Sigmund casts a spell.
Sigmund flickers and vanishes!
Deactivating autopickup; reactivate with Ctrl-A.
You are confused.
You bump into the rock wall.
Something hits you!
You feel less confused. Something hits you. The hobgoblin barely misses you.
Something hits you but does no damage.
You slash the hobgoblin!
You kill the hobgoblin!
You barely miss the rat. The rat barely misses you.
The rat bites you but does no damage. Something hits you.
You see here a hobgoblin corpse.
You barely miss the rat. You miss something.
You hear some strange, mumbled words.
A puff of flame appears from out of thin air!
The puff of flame hits you.
Your condensation shield dissipates!
The rat barely misses you.
You barely miss the rat. You closely miss something. Something hits you.
* * * LOW HITPOINT WARNING * * *
The rat bites you but does no damage.
You closely miss the rat. You closely miss something.
You hear some strange, mumbled words.
A puff of flame appears from out of thin air!
The puff of flame misses you.
The rat bites you but does no damage. x2
Something hits you!
You die...

#.....<......#
#.......#..### ##....>##..#
######### ##.....###.####
#....?..# #.......##....#
#.......# #.......####..##
#.......#. #.......# #...#
#.........
##.....######..###.......##
##.............@r........#
#....######..{##........
###..# ###....#..#... #..#
#.##...## # #... #.###..#
#.## #......# ## #.
#...#.##.## .# #. ..###.
#..###.# # ##.<.#.#


You could see a rat.

Vanquished Creatures
  An adder (D:1)
  2 bats (D:1)
  A giant cockroach (D:1)
  A goblin (D:1)
  2 hobgoblins
  4 kobolds
  A quokka (D:1)
  2 ball pythons (D:1)
  3 rats (D:1)
17 creatures vanquished.

Notes
Turn   | Place    | Note
-------+----------+-------------------------------------------
     0 | D:1      | jlumianski the Demonspawn Gladiator began the quest for the
                  | Orb.
     0 | D:1      | Reached XP level 1. HP: 16/16 MP: 1/1
    19 | D:2      | Noticed Sigmund
   200 | D:1      | Gained mutation: A meltable shield of frost defends you.
                  | (SH +0) [demonic ancestry]
   200 | D:1      | Reached XP level 2. HP: 8/22 MP: 2/2
   975 | D:2      | Slain by Sigmund

Illustrated notes

Levels and vault maps discovered:
D:1:      onia_arrival_pyramid, layout_loops_cross
D:2:      layout_rooms, serial_shops, shop, uniq_sigmund
D:3:      layout_loops_ring, minmay_misc_feat_four_crosses, kennysheep_doodads,
          wander_ebering_terrifying_dragon_lair, uniq_natasha

Skill      XL: |  1  2 |
---------------+-------+-----
Dodging        | 3 |  3.2
Axes           | 3 |  3.0
Fighting       | |  2.2
Throwing       | |  1.8
Armour         | |  0.1
Shields        | |  0.3

Action                   || total
-------------------------++-------
Melee: War axe           ||    52
       Punch             ||     1
  Use: Scroll            ||     5
Armor: Ring mail         ||    25
Dodge: Dodged            ||    37
Block: Other             ||    10

Table legend: (Time is in decaauts)
 A = Elapsed time spent in this place.
 B = Non-inter-level travel time spent in this place.
 C = Inter-level travel time spent in this place.
 D = Time resting spent in this place.
 E = Time spent auto-exploring this place.
 F = Levels seen in this place.
 G = Mean time per level.
                   A        B        C        D        E       F      G
               +--------+--------+--------+--------+--------+-----+--------+
         Total |    995 |    974 |     21 |    105 |    413 |   3 |  331.7 |
       Dungeon |    995 |    974 |     21 |    105 |    413 |   3 |  331.7 |
               +--------+--------+--------+--------+--------+-----+--------+

Top non-repeatable levels by time:
     D:1: 842 daAuts
     D:2: 98 daAuts
     D:3: 53 daAuts
